 Dungeon Crawl Stone Soup version 0.29.1-15-g9cfb28693d (webtiles) character file.

Game seed: 16179411909117231156

6 DemonSlayer the Digger (level 1, -1/13 HPs)
             Began as a Demonspawn Earth Elementalist on Feb 27, 2023.
             Slain by a quokka (4 damage)
             ... on level 1 of the Dungeon.
             The game lasted 00:00:29 (368 turns).

DemonSlayer the Digger (DsEE)                        Turns: 368, Time: 00:00:29

Health: -1/13      AC:  2    Str:  8    XL:     1   Next: 75%
Magic:  0/4        EV: 12    Int: 16    God:
Gold:   30         SH:  0    Dex: 13    Spells: 4/5 levels left

rFire   . . .      SeeInvis .   (no weapon)
rCold   . . .      Faith    .   (no shield)
rNeg    . . .      Spirit   .   a - +0 robe
rPois   .          Reflect  .   (no helmet)
rElec   .          Harm     .   (no cloak)
rCorr   .          Rampage  .   (no gloves)
Will    .....                   (no boots)
Stlth   ++........              (no amulet)
HPRegen 0.04/turn               (no ring)
MPRegen 0.09/turn               (no ring)

@: no status effects
A: no striking features
a: no special abilities


You were on level 1 of the Dungeon.
You visited 1 branch of the dungeon, and saw 1 of its levels.

You collected 30 gold pieces.

Inventory:

Hand Weapons
 h - a +0 short sword
Armour
 a - a +0 robe (worn)
Scrolls
 c - a scroll of blinking {unknown}
 e - a scroll of enchant armour {unknown}
 f - a scroll of fog {unknown}
 g - a scroll of identify {unknown}
Potions
 b - a potion of magic
 d - a potion of degeneration {unknown}


   Skills:
 + Level 1.7 Dodging
 + Level 1.7 Stealth
 + Level 2.5 Spellcasting
 + Level 0.8 Transmutations
 + Level 2.6 Earth Magic


You had 4 spell levels left.
You knew the following spells:

 Your Spells              Type           Power      Damage    Failure   Level
a - Sandblast             Erth           20%        2d7       7%          1

Your spell library contained the following spells:

 Spells                   Type           Power      Damage    Failure   Level
 Passwall                 Tmut/Erth      5%         N/A       14%         2
 Stone Arrow              Conj/Erth      12%        3d7       34%         3
 Petrify                  Tmut/Erth      7%         N/A       67%         4


Dungeon Overview and Level Annotations

Branches:
Dungeon (1/15)

Altars:


Message History

There are monsters nearby!
You closely miss the quokka.
The ball python hisses angrily.
The quokka misses you. The ball python bites you.
The ball python completely misses you.
The blast of sand hits the ball python.
The ball python is severely wounded.
The quokka bites you. The ball python closely misses you. x2
The quokka closely misses you.
The blast of sand hits the ball python!
You kill the ball python!
The quokka completely misses you. The quokka closely misses you.
The blast of sand misses the quokka.
The quokka barely misses you.
The quokka twitches its whiskers.
The quokka closely misses you.
You are out of magic!
You are out of magic!
You are out of magic!
You are out of magic!
The quokka twitches its whiskers.
The quokka attacks as you move away! The quokka closely misses you.
The quokka bites you but does no damage.
The quokka bites you.
* * * LOW HITPOINT WARNING * * *
The quokka attacks as you move away! The quokka barely misses you.
The quokka misses you. The quokka attacks as you move away!
The quokka bites you.
* * * LOW HITPOINT WARNING * * *
Casting: Sandblast (safe; 7% risk of failure)
Confirm with . or Enter, or press ? or * to list all spells.
Aiming: Sandblast (safe; 7% risk of failure)
Press: ? - help, Shift-Dir - straight line, f/p - quokka
Aim: a quokka (75% to hit)
The blast of sand hits the quokka.
The quokka is moderately wounded.
The quokka barely misses you. x2
You see here a +0 short sword.
h - a +0 short sword The quokka barely misses you.
The quokka bites you.
You die...

#............## .
............... ####
.......†....# ...
#.......# #.
...####.# #. #.## #.
#..# #† ##.#### ###.
#..r@# #...
####'#### #####.##
#(.....## #.......
#.......# #.####.#
#.......#####+####.#
#..............##..#
#..............##.##
#.................##
#..........#+##..###


You could see a quokka.

Vanquished Creatures
  A dart slug (D:1)
  A ball python (D:1)
  A quokka (D:1)
  A bat (D:1)
4 creatures vanquished.

Notes
Turn   | Place    | Note
-------+----------+-------------------------------------------
     0 | D:1      | DemonSlayer the Demonspawn Earth Elementalist began the
                  | quest for the Orb.
     0 | D:1      | Reached XP level 1. HP: 13/13 MP: 3/3
   368 | D:1      | Slain by a quokka

Illustrated notes

Levels and vault maps discovered:
D:1:      lightli_arrival_farm, layout_basic, chequers_ecumenical_altar_lobes

Action                   || total
-------------------------++-------
Melee: Unarmed           ||     7
 Cast: Sandblast         ||    10
Armor: Robe              ||     3
Dodge: Dodged            ||    20
